 Dungeon Crawl Stone Soup version 0.27-a0-1081-ge8a0a9c698 (webtiles) character file.

Game seed: 1922946324417379093

25834 gimp the Cleaver (level 13, -14/85 HPs)
             Began as a Djinni Fighter on Apr 25, 2021.
             Was a High Priest of Okawaru.
             Demolished by a red draconian
             ... wielding a +1 halberd of flaming
              (25 damage)
             ... in a volcano.
             The game lasted 00:27:13 (13106 turns).

gimp the Cleaver (Djinni Fighter)                  Turns: 13106, Time: 00:27:13

Health: -14/85     AC: 28    Str: 21    XL:     13   Next: 22%
Gold:   885        EV: 10    Int:  5    God:    Okawaru [*****.] SH: 12 Dex: 19

rFire    + + +     SeeInvis .   a - +4 broad axe "Qanedin" {flame, Str+2 Int-4 Dex+4}
rCold    x x .     Faith    .   c - +0 kite shield
rNeg     . . .     Spirit   .   u - +6 plate armour of Cheibriados's Reproof {Regen+}
rPois    ∞         Reflect  .   o - +2 helmet
rElec    .         Harm     .   (no cloak)
rCorr    .         Rampage  .   n - +0 pair of gloves
Will     ++...                  (boots unavailable)
Stlth    ..........             (no amulet)
HPRegen  1.24/turn              A - ring of willpower
MPRegen  0.00/turn              h - ring of fire

@: mighty, heroic, finesse-ful, flying
A: fire resistance 2, cold vulnerability 1, float, innate caster, hp casting,
extra vitality 1
a: Renounce Religion, Heroism, Finesse


You were in a volcano.
You worshipped Okawaru.
Okawaru was extremely pleased with you.
You visited 3 branches of the dungeon, and saw 16 of its levels.
You also visited: Volcano.

You collected 885 gold pieces.

Inventory:

Hand Weapons
 a - the +4 broad axe "Qanedin" (weapon) {flame, Str+2 Int-4 Dex+4}
   (Okawaru gifted it to you on level 2 of the Lair of Beasts)

   It has been specially enchanted to burn those struck by it, causing extra
   injury to most foes and up to half again as much damage against particularly
   susceptible opponents.
   Big, fiery blades are also staple armaments of hydra-hunters.
   It affects your strength (+2).
   It affects your intelligence (-4).
   It affects your dexterity (+4).
 b - a +0 war axe of electrocution
 x - a +1 war axe of flaming
Missiles
 j - 4 javelins
 m - 3 throwing nets
 q - 28 poisoned darts (quivered)
 C - 7 boomerangs of dispersal
Armour
 c - a +0 kite shield (worn)
 l - +0 acid dragon scales
 n - a +0 pair of gloves (worn)
 o - a +2 helmet (worn)
 u - the +6 plate armour of Cheibriados's Reproof (worn) {Regen+}
   (You found it on level 7 of the Dungeon)

   It increases your rate of health regeneration.
Jewellery
 h - a ring of fire (right hand)
 A - a ring of willpower (left hand)
Wands
 t - a wand of iceblast (13)
 y - a wand of charming (5)
 B - a wand of polymorph (4)
 D - a wand of digging (2)
Scrolls
 e - 3 scrolls of magic mapping
 f - 2 scrolls of enchant weapon
 i - 4 scrolls of teleportation
 k - a scroll of identify
 s - a scroll of brand weapon
 v - a scroll of fear
 z - 2 scrolls of enchant armour
Potions
 d - a potion of might
 g - a potion of lignification
 p - a potion of ambrosia
 r - 3 potions of mutation
 w - 2 potions of curing


   Skills:
 - Level 5.0(10.0) Fighting
 * Level 13.6(18.6) Axes
 - Level 11.0(16.0) Armour
 + Level 2.6(7.6) Dodging
 - Level 5.0(10.0) Shields
 - Level 8.0 Invocations


You couldn't memorise any spells.
You knew the following spells:

 Your Spells              Type           Power      Damage    Failure   Level
a - Sandblast             Erth           0%         2d4       100%        1
b - Wereblood             Tmut           0%         N/A       100%        2
c - Call Canine Familiar  Summ           0%         N/A       100%        3
d - Ozocubu's Armour      Ice            0%         N/A       100%        3
e - Passage of Golubria   Tloc           N/A        N/A       100%        4
f - Lightning Bolt        Conj/Air       0%         1d11      100%        5
Your spell library was empty.


Dungeon Overview and Level Annotations

Branches:
Dungeon (12/15)            Temple (1/1) D:7            Lair (3/6) D:8
  Swamp (0/4) Lair:2       Spider (0/4) Lair:2      Volcano (1/1)
    Orc: D:9-12

Altars:
Ashenzari
Cheibriados
Dithmenos
Elyvilon
Fedhas
Gozag
Hepliaklqana
Kikubaaqudgha
Makhleb
Nemelex Xobeh
Okawaru
Qazlal
Ru
Sif Muna
Trog
Uskayaw
Vehumet
Wu Jian
Xom
Yredelemnul
Zin
The Shining One

Shops:
D:5 (   D:8 (   D:9 !

Annotations:
D:1 Terence
D:2 1 runed translucent door, Crazy Yiuf
D:6 exclusions: electric eel and 3 more exclusions


Innate Abilities, Weirdness & Mutations

You are immune to poison.
Your flesh is very heat resistant. (rF++)
You are vulnerable to cold. (rC-)
You float through the air rather than walking.
You learn spells naturally, not from books.
Your magical power is your life essence.
You have superior vitality. (+4 HP)


Message History

The red draconian is lightly wounded.
The red draconian hits you with a +1 halberd of flaming.
You take 6 damage, and have 64/85 hp.
You barely miss the red draconian.
The red draconian is lightly wounded.
The red draconian closely misses you.
You closely miss the red draconian.
The red draconian is lightly wounded.
You slice the red draconian!! You burn the red draconian.
The red draconian is moderately wounded.
You block the red draconian's attack.
You closely miss the red draconian.
The red draconian is moderately wounded.
You slice the red draconian!! You burn the red draconian.
The red draconian is heavily wounded.
The red draconian hits you with a +1 halberd of flaming!!
You take 20 damage, and have 46/85 hp.
MASSIVE DAMAGE!!
You barely miss the red draconian.
The red draconian is heavily wounded.
The red draconian hits you with a +1 halberd of flaming!!
* * * LOW HITPOINT WARNING * * *
The red draconian burns you.
* * * LOW HITPOINT WARNING * * *
You take 36 damage, and have 10/85 hp.
MASSIVE DAMAGE!!
You slash the red draconian! You burn the red draconian.
The red draconian is heavily wounded.
Okay, then.
Unknown command.
Okay, then.
Unknown command.
Okay, then.
Unknown command.
Okay, then.
Unknown command.
Okay, then.
Unknown command.
You hit the red draconian.
The red draconian is heavily wounded.
The red draconian hits you with a +1 halberd of flaming!!
You die...

≈≈≈≈§§§≈≈§§≈≈§§≈≈≈≈≈≈≈≈≈≈≈ ≈
≈≈§≈≈§§§§§≈§§≈§§≈≈≈≈≈≈≈°≈≈ §≈
§≈≈≈≈≈≈§§§≈≈≈≈§≈≈≈≈≈≈≈≈°≈§ §§≈
............§§§.≈§≈≈≈≈≈≈≈≈ ≈≈
#######+########.≈§≈≈≈≈≈§§ ≈§
#.#...9..#.≈≈§≈≈≈§≈§ ≈§≈
#.#9#)[..#.≈≈≈≈≈≈≈≈≈ ≈≈≈≈
#.#d#d...#.≈≈≈≈≈≈≈≈≈ ≈≈§§
#.#@#[[..#.≈§≈≈≈≈≈≈§ ≈≈§≈≈.#
#)#.######.≈§≈≈≈≈≈§§ ≈≈§§§.#
#)#......#.≈§≈≈≈≈≈§ §≈§§≈.#
###'###''###.§§§§§≈§§ §≈§§§.#
#.)...#....#.≈≈§§≈≈≈§ §§§≈≈.#
#.8_8.#..∩.#§≈≈≈≈§≈≈§ §≈≈≈≈.#
+.....'....#.≈§≈≈§§≈≈
≈§§≈≈.#################.≈≈§≈≈≈≈≈
≈§≈≈.§°....§..§.........≈≈≈≈§§§


You could see a red draconian (berserk) and a molten gargoyle.

Vanquished Creatures
  Harold (D:7)
  3 hydras
  Erica (D:8)
  2 two-headed ogres
  A centaur warrior (D:12)
  A salamander mystic (Volcano)
  A manticore (D:11)
  A cyclops (D:11)
  3 salamanders (Volcano)
  3 elephants (Lair:3)
  A black mamba (Lair:1)
  A torpor snail (Lair:1)
  3 cane toads (Lair:2)
  9 komodo dragons
  Psyche (D:9)
  A kobold demonologist (D:11)
  2 rime drakes (Lair:2)
  2 trolls
  A hornet (D:9)
  3 dream sheep (Lair:1)
  A meliai zombie (D:11)
  Sigmund (D:4)
  A shadow (D:10)
  A wraith (D:11)
  22 yaks
  A vampire (D:10)
  A basilisk (Lair:2)
  4 fire bats
  8 vampire mosquitoes
  A steam dragon (D:9)
  2 acid dragons (D:9)
  6 water moccasins
  Duvessa (D:7)
  2 orc warriors
  A hornet zombie (D:8)
  2 necrophages
  3 ice beasts
  A sky beast (D:5)
  5 wolves (Lair:1)
  7 centaurs
  2 ogres
  A kobold brigand (D:10)
  4 bullfrogs
  3 scorpions
  A gnoll sergeant (D:9)
  A wyvern skeleton (D:7)
  Dowan (D:7)
  5 wights (D:8)
  5 electric eels
  4 lava snakes (Volcano)
  A bullfrog zombie (D:6)
  2 centaur zombies
  2 centaur skeletons
  8 orc priests
  3 hounds
  A gnoll shaman (D:7)
  Jessica (D:2)
  4 hell rats (Lair:2)
  6 orc wizards
  8 iguanas
  A howler monkey zombie (D:5)
  13 gnolls
  5 adders
  3 white imps
  3 ufetubi
  2 worms
  9 dart slugs (D:6)
  19 orcs
  6 ball pythons
  9 endoplasms
  4 giant cockroaches
  5 goblins
  9 hobgoblins
  7 jackals
  3 quokkas
  4 bats
  23 frilled lizards
  10 kobolds
  5 rats
315 creatures vanquished.

Vanquished Creatures (others)
  A butterfly (Lair:1)
  8 fungi
  24 plants
33 creatures vanquished.

Grand Total: 348 creatures vanquished

Notes
Turn   | Place    | Note
-------+----------+-------------------------------------------
     0 | D:1      | gimp the Djinni Fighter began the quest for the Orb.
     0 | D:1      | Reached XP level 1. HP: 20/20 MP: 0/0
    47 | D:1      | Reached XP level 2. HP: 14/25 MP: 0/0
  1036 | D:1      | Reached XP level 3. HP: 22/30 MP: 0/0
  1036 | D:1      | Learned a level 1 spell: Sandblast
  1298 | D:2      | Noticed Terence
  1683 | D:2      | Noticed Jessica
  1691 | D:2      | Killed Jessica
  1692 | D:2      | Reached XP level 4. HP: 21/37 MP: 0/0
  2439 | D:2      | Found a runed translucent door.
  2440 | D:2      | Noticed Crazy Yiuf
  2585 | D:3      | Found a faded altar of an unknown god.
  2736 | D:3      | Found a sparkling altar of Nemelex Xobeh.
  2757 | D:3      | Reached XP level 5. HP: 42/42 MP: 0/0
  2757 | D:3      | Learned a level 2 spell: Wereblood
  3292 | D:4      | Found a shimmering altar of Xom.
  3441 | D:4      | Found a faded altar of an unknown god.
  3441 | D:4      | Noticed Sigmund
  3442 | D:4      | Found a hazy altar of Hepliaklqana.
  3463 | D:4      | Killed Sigmund
  3464 | D:4      | Reached skill level 5 in Fighting
  3464 | D:4      | Reached skill level 5 in Shields
  3464 | D:4      | Reached skill level 2 in Axes
  3464 | D:4      | Reached XP level 6. HP: 49/49 MP: 0/0
  3767 | D:4      | Found an opulent altar of Gozag.
  3801 | D:5      | Entered Level 5 of the Dungeon
  3812 | D:5      | Noticed a sky beast
  3824 | D:5      | Killed a sky beast
  3825 | D:5      | Reached skill level 3 in Axes
  3825 | D:5      | Reached XP level 7. HP: 41/54 MP: 0/0
  3825 | D:5      | Learned a level 3 spell: Call Canine Familiar
  3916 | D:5      | Found Ymyas's Weapon Shoppe.
  4444 | D:5      | Reached skill level 4 in Axes
  5215 | D:6      | Reached XP level 8. HP: 54/59 MP: 0/0
  5359 | D:6      | Reached skill level 5 in Armour
  5366 | D:6      | Reached skill level 5 in Axes
  6103 | D:7      | Found a staircase to the Ecumenical Temple.
  6118 | Temple   | Entered the Ecumenical Temple
  6174 | Temple   | Became a worshipper of Warmaster Okawaru
  6235 | D:7      | Identified the +6 plate armour of Cheibriados's Reproof
                  | {Regen+}
  6264 | D:7      | Reached skill level 1 in Invocations
  6274 | D:7      | Reached * piety under Okawaru
  6275 | D:7      | Reached skill level 6 in Axes
  6324 | D:7      | Noticed Harold
  6404 | D:7      | Killed Harold
  6404 | D:7      | Reached ** piety under Okawaru
  6405 | D:7      | Reached skill level 7 in Axes
  6405 | D:7      | Reached XP level 9. HP: 42/65 MP: 0/0
  6405 | D:7      | Learned a level 3 spell: Ozocubu's Armour
  6489 | D:7      | Reached *** piety under Okawaru
  6888 | D:7      | Noticed Dowan
  6889 | D:7      | Noticed Duvessa
  6896 | D:7      | Killed Dowan
  6899 | D:7      | Killed Duvessa
  6900 | D:7      | Reached skill level 8 in Axes
  7266 | D:8      | Found a staircase to the Lair.
  7446 | D:8      | Reached skill level 5 in Invocations
  7694 | D:8      | Reached XP level 10. HP: 66/70 MP: 0/0
  7713 | D:8      | Found Roficuu's Weapon Shoppe.
  7778 | D:8      | Noticed Erica
  7807 | D:8      | Killed Erica
  7807 | D:8      | Reached **** piety under Okawaru
  7808 | D:8      | Reached skill level 9 in Axes
  7897 | D:9      | Found Dody's Distillery.
  7948 | D:9      | Identified the +0 pair of boots "Zeepn" {*Corrode rElec
                  | Str+3}
  8088 | D:9      | Found an ornate altar of the Wu Jian Council.
  8096 | D:9      | Noticed Psyche
  8118 | D:9      | Killed Psyche
  8194 | D:9      | Found a white marble altar of Elyvilon.
  8217 | D:9      | Found a glowing silver altar of Zin.
  8748 | D:10     | Entered Level 10 of the Dungeon
  8813 | D:10     | Found a basalt altar of Yredelemnul.
  8813 | D:10     | Noticed a two-headed ogre
  8832 | D:10     | Killed a two-headed ogre
  8832 | D:10     | Reached ***** piety under Okawaru
  8833 | D:10     | Reached skill level 10 in Axes
  8929 | D:10     | Reached XP level 11. HP: 72/75 MP: 0/0
  8929 | D:10     | Learned a level 4 spell: Passage of Golubria
  9511 | D:11     | Noticed a cyclops
  9631 | D:11     | Killed a cyclops
  9690 | D:11     | Received a gift from Okawaru
  9790 | D:11     | Noticed a two-headed ogre
  9796 | D:11     | Killed a two-headed ogre
  9796 | D:11     | Identified the +3 ring mail of the Lobster {*Slow rF- rC+++
                  | Regen+} (Okawaru gifted it to you on level 11 of the
                  | Dungeon)
  9796 | D:11     | Received a gift from Okawaru
  9846 | D:11     | Noticed a manticore
  9853 | D:11     | Killed a manticore
 10085 | D:12     | Noticed a sixfirhy
 10124 | D:11     | Reached skill level 11 in Axes
 10147 | D:12     | Noticed a centaur warrior
 10168 | D:12     | Killed a centaur warrior
 10188 | D:12     | Noticed a deep elf pyromancer
 10312 | Lair:1   | Entered Level 1 of the Lair of Beasts
 10466 | Lair:1   | Reached XP level 12. HP: 81/81 MP: 0/0
 10490 | Lair:1   | Noticed a seven-headed hydra
 10552 | Lair:1   | Killed a 14-headed hydra
 11023 | Lair:1   | Reached skill level 12 in Axes
 11385 | Lair:1   | Reached skill level 10 in Armour
 11637 | Lair:2   | Found a hole to the Spider Nest.
 11701 | Lair:2   | Noticed a six-headed hydra
 11703 | Lair:2   | Noticed an eight-headed hydra
 11716 | Lair:2   | Killed a one-headed hydra
 11725 | Lair:2   | Killed a three-headed hydra
 11783 | Lair:2   | Identified the ring "Veomuyf" {Ice *Corrode Fly Stlth+}
 11831 | Lair:2   | Reached ****** piety under Okawaru
 11888 | Lair:2   | Reached skill level 13 in Axes
 12054 | Lair:2   | Found a staircase to the Swamp.
 12257 | Lair:2   | Identified the +4 broad axe "Qanedin" {flame, Str+2 Int-4
                  | Dex+4} (Okawaru gifted it to you on level 2 of the Lair of
                  | Beasts)
 12257 | Lair:2   | Received a gift from Okawaru
 12382 | Lair:2   | Reached XP level 13. HP: 74/85 MP: 0/0
 12382 | Lair:2   | Learned a level 5 spell: Lightning Bolt
 12867 | Lair:3   | Reached skill level 1 in Dodging
 12877 | Lair:3   | Found a dark tunnel.
 12888 | Volcano  | Entered a volcano
 13084 | Volcano  | Noticed a red draconian
 13106 | Volcano  | Demolished by a red draconian

Illustrated notes

Levels and vault maps discovered:
D:1:      dpeg_arrival_line_fractal, layout_loops_ring
D:2:      layout_rooms, uniq_terence, uniq_jessica, uniq_crazy_yiuf_cottage
D:3:      layout_basic, nemelex_xobeh_ov_fountains_minmay,
          shapermc_ecumenical_altar_venn
D:4:      layout_basic, beargit_hepliaklqana_dungeon_heroes,
          kennysheep_mini_moat, kennysheep_mini
D:5:      layout_basic, serial_shops, shop, minmay_misc_feat_five
D:6:      kennysheep_slugbush, layout_cave_pools
D:7:      layout_basic, minmay_temple_entry_hall, grunt_ogre_cave, uniq_duvessa,
          uniq_harold
D:8:      layout_gridville, lair_entry_dummy, serial_shops, shop, uniq_erica
D:9:      layout_basic, lemuel_doored_altar,
          chequers_temple_overflow_statue_of_worship, serial_shops, shop,
          minmay_door_square, chequers_decorated_corner, minmay_misc_feat_tiny,
          uniq_psyche
D:10:     layout_gridville, old_standard_altar
D:11:     layout_rooms
D:12:     minmay_the_grid_square_5x5_3x3
          [minmay_the_grid_square_5x5_checkered_sparse,
          minmay_the_grid_square_5x5_eight, minmay_the_grid_square_5x5_z,
          minmay_the_grid_square_5x5_inverted_slash,
          minmay_the_grid_square_5x5_megaprize_crossed,
          minmay_the_grid_square_5x5_hourglass,
          minmay_the_grid_square_5x5_inset,
          minmay_the_grid_square_5x5_beaten_path,
          minmay_the_grid_square_5x5_lines], layout_cross, orc_david_3,
          enter_trove_6, serial_glass, glass_columns_a, glass_columns_a,
          nicolae_dithmenos_the_darkroom
Temple:   cyrus_circular_temple
Lair:1:   lemuel_reptile_caves, layout_cellular_growth, minivault_26,
          grunt_megastairs_2, serial_bayou_shore_a, lemuel_fruit_fields
Lair:2:   layout_regular_city, minmay_swamp_entry_swarm,
          nicolae_spider_entry_orb_guardian
Lair:3:   layout_gridlike, nicolae_volcano_entry_batcave, st_stairs_3,
          columned_hall_lemuel, minivault_25
Volcano:  volcano_lake [vl_original]

Skill      XL: |  1  2  3  4  5  6  7  8  9 10 11 12 13 |
---------------+----------------------------------------+-----
Fighting       | 4 5 |  5.0
Shields        | 4 5 |  5.0
Axes           | 2 3 4 7 8 10 11 13 | 13.6
Armour         | 4 6 7 9 10 11 | 11.0
Invocations    | 3 5 6 8 |  8.0
Dodging        | 2 |  2.6

Action                   |  1- 3 |  4- 6 |  7- 9 | 10-12 | 13-15 || total
-------------------------+-------+-------+-------+-------+-------++-------
Melee: War axe           |   112 |   170 |   268 |   620 |       ||  1170
       Broad axe         |       |       |       |    20 |    90 ||   110
Throw: Dart              |       |       |    14 |       |       ||    14
Invok: Heroism           |       |       |     1 |    21 |     3 ||    25
       Finesse           |       |       |       |     1 |     2 ||     3
Evoke: Wand              |       |       |     3 |    10 |     4 ||    17
  Use: Scroll            |       |     8 |     6 |     4 |     2 ||    20
       Potion            |       |     4 |     5 |     5 |     1 ||    15
Armor: Scale mail        |    70 |    79 |   122 |       |       ||   271
       Plate armour      |       |       |    90 |   507 |    33 ||   630
Dodge: Dodged            |    44 |    77 |    85 |   138 |    15 ||   359
Block: Kite shield       |    63 |   108 |   175 |   378 |    38 ||   762

Table legend: (Time is in decaauts)
 A = Elapsed time spent in this place.
 B = Non-inter-level travel time spent in this place.
 C = Inter-level travel time spent in this place.
 D = Time resting spent in this place.
 E = Time spent auto-exploring this place.
 F = Levels seen in this place.
 G = Mean time per level.
                   A        B        C        D        E       F      G
               +--------+--------+--------+--------+--------+-----+--------+
         Total |  13416 |  12877 |    539 |    239 |   9432 |  17 |  789.2 |
       Dungeon |  10624 |  10164 |    460 |    166 |   7644 |  12 |  885.3 |
        Temple |     65 |     57 |      8 |      0 |     52 |   1 |   65.0 |
          Lair |   2530 |   2459 |     71 |     34 |   1735 |   3 |  843.3 |
       Volcano |    195 |    195 |      0 |     39 |      0 |   1 |  195.0 |
               +--------+--------+--------+--------+--------+-----+--------+

Top non-repeatable levels by time:
     D:1: 1522 daAuts
     D:5: 1342 daAuts
  Lair:1: 1271 daAuts
  Lair:2: 1175 daAuts
     D:2: 1083 daAuts
     D:7: 1038 daAuts
     D:6: 1036 daAuts
    D:10: 895 daAuts
     D:9: 889 daAuts
     D:8: 817 daAuts
     D:4: 748 daAuts
     D:3: 632 daAuts
    D:11: 554 daAuts
 Volcano: 195 daAuts
  Lair:3: 83 daAuts
